 Dungeon Crawl Stone Soup version 0.21-a0-2-ge494091 (webtiles) character file.

13718 nikopol the Cleaver (level 12, -9/114 HPs)
             Began as a Gargoyle Berserker on May 22, 2017.
             Was a High Priest of Trog.
             Mangled by a dire elephant (12 damage)
             ... on level 1 of the Lair of Beasts.
             The game lasted 00:30:25 (12411 turns).

nikopol the Cleaver (Gargoyle Berserker)           Turns: 12411, Time: 00:30:26

Health: -9/114     AC: 25    Str: 28    XL:     12   Next: 9%
Magic:  12/12      EV: 12    Int:  9    God:    Trog [*****.]
Gold:   483        SH:  0    Dex: 13    Spells: 11/11 levels left

rFire    + . .     SeeInvis .   a - +0 hand axe (chop)
rCold    . . .     Gourm    .   (no shield)
rNeg     + . .     Faith    .   x - +0 chain mail
rPois    ∞         Spirit   .   E - +1 helmet
rElec    +         Reflect  .   u - +0 cloak
rCorr    .         Harm     .   (no gloves)
MR       .....                  M - +0 pair of boots {Stlth+}
Stlth    ..........             (no amulet)
Regen    0.3/turn               K - ring of the Sneaky Coins {rElec rPois rF+ Stlth-}
MPRegen  0.2/turn               b - +2 ring of strength

@: berserking, very quick
A: negative energy resistance 1, electricity resistance, unbreathing,
petrification resistance, rot immunity, AC +8
a: Berserk, Trog's Hand, Brothers in Arms, Burn Spellbooks, Renounce Religion


You were on level 1 of the Lair of Beasts.
You worshipped Trog.
Trog was extremely pleased with you.
You were near starving.

You visited 2 branches of the dungeon, and saw 10 of its levels.

You collected 525 gold pieces.
You spent 42 gold pieces at shops.

Inventory:

Hand Weapons
 a - a +0 hand axe of chopping (weapon)
 z - a +0 shortbow
 O - a +1 dire flail of crushing
Missiles
 g - 187 arrows (quivered)
Armour
 u - a +0 cloak (worn)
 x - a +0 chain mail (worn)
 E - a +1 helmet (worn)
 H - a +0 pair of boots
 M - a +0 pair of boots of stealth (worn)
Jewellery
 b - a +2 ring of strength (right hand)
 h - an uncursed ring of flight
 K - the ring of the Sneaky Coins (left hand) {rElec rPois rF+ Stlth-}
   (You found it on level 6 of the Dungeon)

   [ring of protection from fire]

   It protects you from fire.
   It insulates you from electricity.
   It protects you from poison.
   It makes you less stealthy.
Wands
 w - a wand of acid (8/15)
 L - a wand of digging (16/24)
 P - a wand of confusion (30/48)
Scrolls
 d - 3 scrolls of enchant armour {unknown}
 e - a scroll of fear {unknown}
 f - 2 scrolls of immolation {unknown}
 j - a scroll of recharging {unknown}
 k - 2 scrolls of enchant weapon {unknown}
 m - a scroll of fog {unknown}
 o - 3 scrolls of teleportation
 t - 4 scrolls of magic mapping
 v - a scroll of identify
 y - a scroll of amnesia {unknown}
 B - 2 scrolls of blinking {unknown}
 F - 2 scrolls of remove curse {unknown}
 R - a scroll of noise {unknown}
Potions
 l - a potion of berserk rage {unknown}
 n - a potion of ambrosia {unknown}
 q - 2 potions of haste
 r - 3 potions of lignification
 s - 2 potions of invisibility
 A - 2 potions of heal wounds
 C - 2 potions of resistance {unknown}
 D - a potion of cancellation {unknown}
 G - 2 potions of mutation {unknown}
 I - 2 potions of curing {unknown}
 J - a potion of brilliance {unknown}
 N - a potion of magic {unknown}
Comestibles
 c - 8 bread rations
 i - 5 royal jellies
 p - 6 meat rations
 Q - a chunk of flesh


   Skills:
 + Level 9.6 Fighting
 * Level 9.8 Axes
 * Level 8.8 Bows
 + Level 9.0 Armour
 + Level 6.6 Dodging


You had 11 spell levels left.
You didn't know any spells.

Dungeon Overview and Level Annotations

Branches:
Dungeon (8/15)             Temple (0/1) D:6            Lair (2/6) D:8
  Swamp: Lair:2-4    Shoals: Lair:2-4     Snake: Lair:2-4    Spider: Lair:2-4

Altars:
Elyvilon
Gozag
Hepliaklqana
Kikubaaqudgha
Makhleb
Qazlal
Wu Jian
Xom
Yredelemnul
Zin

Shops:
D:8 }[?

Annotations:
Lair:2 Fannar


Innate Abilities, Weirdness & Mutations

You are resistant to torment.
Your stone body is resilient. (AC +8)
You are immune to poison.
You resist negative energy. (rN+)
You are resistant to electric shocks. (rElec)
You can survive without breathing.
You are immune to petrification.
You are immune to rotting.


Message History

The dire elephant tramples you!!
* * * LOW HITPOINT WARNING * * *
You hold your ground!
The dire elephant trunk-slaps you.
* * * LOW HITPOINT WARNING * * *
You hit the dire elephant but do no damage.
The dire elephant is heavily wounded.
Some of the chunks of flesh in your inventory have rotted away.
You are near starving!
You slash the dire elephant!
The dire elephant is heavily wounded.
The dire elephant tramples you!!
* * * LOW HITPOINT WARNING * * *
You hold your ground!
The dire elephant trunk-slaps you but does no damage.
You slash the dire elephant!
The dire elephant is severely wounded.
You hit the dire elephant but do no damage.
The dire elephant is severely wounded.
The dire elephant tramples you!
You die...

.....# #............... .....##
#### ##.P>............
......######..###..PP#..########.
.....#.........###.####.##.#####.
................##............##.
..............................##.
..............................##.
.................######.#####.##.
..............>Y@## ##.# #....
....#.............####..## #...#
.........................# #..##
......>..........#.#.##.## #...#
.....###.....##########.# ###.#
......#......# #.# #...
.....###....## ### #.# ##.#
.....###....####.######.## #.#
........................P#### #.#


You could see a dire elephant.

Vanquished Creatures
  The ghost of mopl the Grappler, a journeyman TrHu of Okawaru (Lair:1)
  A hydra (Lair:1)
  A two-headed ogre (D:8)
  4 elephants (Lair:2)
  A black mamba (Lair:1)
  The ghost of anet the Magician, a novice DEWz (D:6)
  A spiny frog (Lair:1)
  A hippogriff (Lair:1)
  12 yaks
  2 basilisks (Lair:2)
  A hungry ghost (D:8)
  The ghost of no0bjke the Shield-Bearer, an amateur GrFi (D:3)
  3 water moccasins (Lair:1)
  11 porcupines
  Duvessa (D:4)
  2 sky beasts
  A phantom (D:7)
  6 ice beasts
  4 ogres
  6 wolves (Lair:2)
  2 centaurs
  3 crocodiles
  Blork the orc (D:4)
  8 bullfrogs
  Dowan (D:4)
  A wyvern skeleton (D:8)
  4 scorpions
  6 killer bees (D:7)
  A howler monkey (D:8)
  15 wights (D:8)
  7 crimson imps
  4 hounds
  2 jellies
  2 bullfrog skeletons
  3 orc priests
  10 iguanas
  Crazy Yiuf (D:2)
  Jessica (D:3)
  Ijyb (D:3)
  Terence (D:2)
  8 orc wizards
  5 worker ants
  A killer bee zombie (D:5)
  A howler monkey zombie (D:7)
  A worker ant zombie (D:6)
  Robin (D:4)
  7 adders
  3 gnolls (D:6)
  2 shadow imps
  An ooze (D:1)
  2 adder zombies
  2 worms
  5 dart slugs
  5 leopard geckos
  24 orcs
  7 giant cockroaches
  13 goblins
  11 hobgoblins
  6 jackals
  7 quokkas
  10 bats
  5 frilled lizards
  A jackal skeleton (D:5)
  7 kobolds
  A quokka zombie (D:5)
  9 rats
  12 fungi (D:8)
  21 plants (D:8)
313 creatures vanquished.

Vanquished Creatures (others)
  98 fungi
  33 plants
131 creatures vanquished.

Grand Total: 444 creatures vanquished

Notes
Turn   | Place    | Note
-------+----------+-------------------------------------------
     0 | D:1      | nikopol the Gargoyle Berserker began the quest for the Orb.
     0 | D:1      | Reached XP level 1. HP: 14/14 MP: 1/1
    70 | D:1      | Reached XP level 2. HP: 17/19 MP: 2/2
   290 | D:1      | Reached XP level 3. HP: 19/23 MP: 3/3
   407 | D:1      | Reached ** piety under Trog
   761 | D:2      | Noticed Terence
   772 | D:2      | Killed Terence
   772 | D:2      | Reached XP level 4. HP: 29/29 MP: 4/4
   813 | D:2      | Found a runed door.
  1369 | D:2      | Noticed Crazy Yiuf
  1380 | D:2      | Killed Crazy Yiuf
  1380 | D:2      | Reached XP level 5. HP: 17/33 MP: 2/5
  1925 | D:3      | Noticed Ijyb
  1956 | D:3      | Killed Ijyb
  2120 | D:3      | Reached XP level 6. HP: 39/39 MP: 6/6
  2122 | D:3      | Reached *** piety under Trog
  2230 | D:3      | Noticed Jessica
  2235 | D:3      | Killed Jessica
  2525 | D:3      | Noticed no0bjke's ghost (amateur GrFi)
  2540 | D:3      | Killed no0bjke's ghost
  2540 | D:3      | Reached skill level 5 in Fighting
  2706 | D:4      | Reached XP level 7. HP: 28/44 MP: 7/7
  2914 | D:4      | Noticed Blork the orc
  2920 | D:4      | Killed Blork the orc
  2930 | D:4      | Found a stormy altar of Qazlal.
  2957 | D:4      | Noticed Duvessa
  2963 | D:4      | Noticed Dowan
  2987 | D:4      | Killed Duvessa
  2996 | D:4      | Killed Dowan
  3366 | D:4      | Found a burning altar of Makhleb.
  3519 | D:4      | Noticed Robin
  3534 | D:4      | Killed Robin
  3884 | D:5      | Entered Level 5 of the Dungeon
  3989 | D:5      | Reached skill level 5 in Axes
  3989 | D:5      | Reached skill level 5 in Armour
  3989 | D:5      | Reached XP level 8. HP: 48/51 MP: 8/8
  4155 | D:5      | Reached **** piety under Trog
  4604 | D:5      | Reached skill level 1 in Bows
  4817 | D:6      | Noticed anet's ghost (novice DEWz)
  4848 | D:6      | Reached XP level 9. HP: 52/56 MP: 9/9
  4906 | D:6      | Killed anet's ghost
  5159 | D:6      | Found a staircase to the Ecumenical Temple.
  5535 | D:6      | Found a shimmering altar of Xom.
  5613 | D:6      | Found a glowing silver altar of Zin.
  5627 | D:6      | Found a basalt altar of Yredelemnul.
  5648 | D:6      | Got a heavily runed golden ring
  5656 | D:6      | Found an ornate altar of the Wu Jian Council.
  5659 | D:6      | Found an opulent altar of Gozag.
  5714 | D:6      | Identified the ring of the Sneaky Coins {rElec rPois rF+ Stlth-} (You found it on level 6 of the Dungeon)
  6231 | D:7      | Found a hazy altar of Hepliaklqana.
  6404 | D:7      | Reached skill level 5 in Dodging
  6890 | D:7      | Reached XP level 10. HP: 64/64 MP: 10/10
  7231 | D:8      | Found a white marble altar of Elyvilon.
  7246 | D:8      | Found Ettythe's Gadget Boutique.
  7267 | D:8      | Found Pisim's Antique Armour Shop.
  7274 | D:8      | Reached skill level 5 in Bows
  7343 | D:8      | Received a gift from Trog
  7824 | D:8      | Noticed a two-headed ogre
  7834 | D:8      | Killed a two-headed ogre
  8241 | D:8      | Found Haonati's Magic Scroll Emporium.
  8247 | D:8      | Reached ***** piety under Trog
  8280 | D:8      | Found a staircase to the Lair.
  8695 | D:8      | Received a gift from Trog
  8993 | D:8      | Bought a scroll of teleportation for 42 gold pieces
  9035 | D:8      | Found an ancient bone altar of Kikubaaqudgha.
  9194 | Lair:1   | Entered Level 1 of the Lair of Beasts
  9198 | Lair:1   | Reached XP level 11. HP: 69/69 MP: 11/11
  9419 | Lair:1   | Noticed a four-headed hydra
  9428 | Lair:1   | Killed a four-headed hydra
 10149 | Lair:1   | Noticed mopl's ghost (journeyman TrHu)
 10178 | Lair:1   | Killed mopl's ghost
 11445 | Lair:1   | Received a gift from Trog
 12164 | Lair:2   | Reached XP level 12. HP: 52/76 MP: 12/12
 12370 | Lair:2   | Noticed a dire elephant
 12373 | Lair:2   | Noticed Fannar
 12409 | Lair:1   | HP: 3/114 [dire elephant (23)]
 12411 | Lair:1   | Mangled by a dire elephant

Vault maps used:
D:1:      dpeg_arrival_subterranean_lakeside_camping
D:2:      nrook_mini_vaults, uniq_crazy_yiuf_cottage, uniq_terence
D:3:      uniq_ijyb, uniq_jessica
D:4:      grunt_qazlal_clouds, bloody_makhleb, first_bread, hex_tiny,
          uniq_blork_the_orc, uniq_duvessa, uniq_robin
D:6:      lemuel_doored_altar, grunt_temple_overflow_cloverleaf,
          minmay_temple_entry_statues
D:7:      kennysheep_mini, minmay_misc_feat_alley
D:8:      kennysheep_little_box, due_lair_maze_entry_diamond, basic_altar,
          serial_shops, shop, shop, shop
Lair:1:   serial_bayou_shore_b
Lair:2:   mu_elephants_graveyard, st_stairs_4, hibernation_bobbens, uniq_fannar

Skill      XL: |  1  2  3  4  5  6  7  8  9 10 11 12 |
---------------+-------------------------------------+-----
Axes           | 3 4 5 6 7 8 9 |  9.8
Dodging        | 2 3 4 5 6 |  6.6
Fighting       | 4 5 6 7 8 9 |  9.6
Armour         | 3 4 5 6 7 8 9 |  9.0
Bows           | 2 4 6 8 |  8.8

Action                   |  1- 3 |  4- 6 |  7- 9 | 10-12 || total
-------------------------+-------+-------+-------+-------++-------
Melee: Hand axe          |    95 |   246 |   626 |   807 ||  1774
       Dire flail        |       |       |       |     3 ||     3
 Fire: Shortbow          |       |       |   149 |   210 ||   359
Invok: Berserk           |     1 |     1 |     3 |     7 ||    12
       Burn Spellbooks   |       |       |       |     3 ||     3
  Use: Scroll            |       |       |       |     5 ||     5
 Stab: Sleeping          |     3 |       |       |       ||     3
  Eat: Chunk             |       |     8 |    17 |    20 ||    45
       Meat ration       |       |       |       |     1 ||     1
Armor: Animal skin       |    27 |     9 |       |       ||    36
       Ring mail         |       |    63 |       |       ||    63
       Chain mail        |       |    49 |   422 |   436 ||   907
Dodge: Dodged            |    67 |   114 |   266 |   340 ||   787
